 Dungeon Crawl Stone Soup version 0.20.1-1-g8b1a95d (webtiles) character file.

256 HuneSparrow the Skirmisher (level 5, -5/42 HPs)
             Began as a Demonspawn Fighter on July 27, 2017.
             Slain by HuneSparrow's ghost (8 damage)
             ... on level 3 of the Dungeon.
             The game lasted 00:06:02 (1611 turns).

HuneSparrow the Skirmisher (Demonspawn Fighter)     Turns: 1611, Time: 00:06:03

Health: -5/42      AC:  8    Str: 18    XL:     5   Next: 92%
Magic:  5/5        EV:  7    Int:  9    God:
Gold:   110        SH:  8    Dex: 12    Spells: 4/4 levels left

rFire    . . .     SeeInvis .   a - +0 long sword
rCold    . . .     Gourm    .   c - +0 shield
rNeg     . . .     Faith    .   b - +0 scale mail
rPois    +         Spirit   .   (no helmet)
rElec    .         Reflect  .   (no cloak)
rCorr    .         Harm     .   (no gloves)
MR       .....                  (no boots)
Stlth    ..........             e - amulet of regeneration
Regen    0.6/turn               m - ring of poison resistance
MPRegen  0.1/turn               (no ring)

@: hasted, heavily drained, very quick
A: icy blue scales 1
a: no special abilities


You were on level 3 of the Dungeon.
You were not hungry.

You visited 1 branch of the dungeon, and saw 3 of its levels.

You collected 110 gold pieces.

Inventory:

Hand Weapons
 a - a +0 long sword (weapon)
Armour
 b - a +0 scale mail (worn)
 c - a +0 shield (worn)
Jewellery
 e - an amulet of regeneration (around neck)
 m - a ring of poison resistance (left hand)
 n - an uncursed amulet of harm
 v - an uncursed amulet of rage
Scrolls
 g - 2 scrolls of fog {unknown}
 k - a scroll of fear {unknown}
 o - a scroll of magic mapping {unknown}
 p - 2 scrolls of remove curse {unknown}
 r - a scroll of blinking {unknown}
 u - a scroll of noise {unknown}
 w - a scroll of enchant armour {unknown}
 y - a scroll of identify
Potions
 h - a potion of berserk rage
 j - a potion of mutation
 l - 2 potions of brilliance
 s - a potion of agility {unknown}
 t - a potion of lignification {unknown}
 z - a potion of magic {unknown}
Comestibles
 d - 4 chunks of flesh
 f - a bread ration
 q - a royal jelly
 x - 4 fruits


   Skills:
 + Level 3.7(2.0) Fighting
 * Level 3.4(1.8) Long Blades
 + Level 3.3(1.7) Armour
 + Level 2.2(0.6) Dodging
 + Level 3.5(1.9) Shields


You had 4 spell levels left.
You didn't know any spells.

Dungeon Overview and Level Annotations

Branches:
Dungeon (3/15)

Altars:
Hepliaklqana

Annotations:
D:3 HuneSparrow's ghost, amateur DsFi


Innate Abilities, Weirdness & Mutations

You are partially covered in icy blue scales. (AC +2)


Message History

HuneSparrow's ghost hits you.
You hit HuneSparrow's ghost but do no damage.
HuneSparrow's ghost is moderately damaged.
HuneSparrow's ghost hits you.
You hit HuneSparrow's ghost but do no damage.
HuneSparrow's ghost is moderately damaged.
HuneSparrow's ghost whispers, "Death is liberation."
HuneSparrow's ghost hits you. HuneSparrow's ghost hits you!
You barely miss HuneSparrow's ghost.
HuneSparrow's ghost is moderately damaged.
HuneSparrow's ghost hits you!
You hit HuneSparrow's ghost.
HuneSparrow's ghost is heavily damaged.
HuneSparrow's ghost hits you.
* * * LOW HITPOINT WARNING * * *
HuneSparrow's ghost hits you!
* * * LOW HITPOINT WARNING * * *
It was a potion of haste.
You feel yourself speed up. HuneSparrow's ghost hits you!
You die...

######## #......#
#......# ######
#...>..# ####....#
#......#######....##.#
#.....ZrsW@....#####.#
#......######### #.#
####..### ##.# #./...#
##.(# #..#...# #..##
#. #..## #.## .r ...#
######.####### ..
###.# #............#
.. ..# ...####.#####.#


You could see HuneSparrow's ghost, a jackal zombie, a giant cockroach and a rat.

Vanquished Creatures
  Sigmund (D:2)
  A gnoll (D:1)
  An adder (D:1)
  An ooze (D:3)
  3 worms
  4 dart slugs
  A leopard gecko (D:1)
  2 orcs (D:3)
  6 bats
  A giant cockroach (D:2)
  5 goblins
  6 hobgoblins
  7 jackals
  3 kobolds (D:1)
  A quokka (D:2)
  6 frilled lizards
  5 rats
54 creatures vanquished.

Notes
Turn   | Place    | Note
-------+----------+-------------------------------------------
     0 | D:1      | HuneSparrow the Demonspawn Fighter began the quest for the Orb.
     0 | D:1      | Reached XP level 1. HP: 18/18 MP: 1/1
    77 | D:1      | Gained mutation: You are partially covered in icy blue scales. (AC +2) [demonic ancestry]
    77 | D:1      | Reached XP level 2. HP: 16/24 MP: 2/2
   277 | D:1      | Reached XP level 3. HP: 29/29 MP: 3/3
   617 | D:1      | Reached skill level 1 in Dodging
   967 | D:2      | Found a faded altar of an unknown god.
   973 | D:2      | Found a hazy altar of Hepliaklqana.
  1045 | D:2      | Reached XP level 4. HP: 35/35 MP: 4/4
  1273 | D:2      | Noticed Sigmund
  1305 | D:2      | Killed Sigmund
  1305 | D:2      | Reached XP level 5. HP: 23/42 MP: 5/5
  1593 | D:3      | Noticed HuneSparrow's ghost (amateur DsFi)
  1610 | D:3      | HP: 2/42 [HuneSparrow's ghost (10)]
  1611 | D:3      | Slain by HuneSparrow's ghost

Skill      XL: |  1  2  3  4 |
---------------+-------------+-----
Long Blades    | 2 3 |  3.4
Shields        | 3 |  3.5
Dodging        | 1 2 |  2.2
Armour         | 3 |  3.3
Fighting       | |  3.7

Action                   |  1- 3 |  4- 6 || total
-------------------------+-------+-------++-------
Melee: Long sword        |   122 |    72 ||   194
  Use: Potion            |       |     2 ||     2
       Scroll            |       |     3 ||     3
  Eat: Chunk             |     1 |     2 ||     3
Armor: Scale mail        |    57 |    30 ||    87
Dodge: Dodged            |    30 |    20 ||    50
Block: Shield            |    70 |    35 ||   105
       Rpst.: Long sword |    10 |     7 ||    17
